 Dungeon Crawl Stone Soup version 0.28.0 (webtiles) character file.

Game seed: 8853665540745823575

285 zazu2006 the Magician (level 6, -1/50 HPs)
             Began as a Naga Hedge Wizard on Feb 19, 2022.
             Killed by nerve-wracking pain
             ... invoked by Grinder
              (8 damage)
             ... on level 4 of the Dungeon.
             The game lasted 00:07:03 (4140 turns).

zazu2006 the Magician (Naga Hedge Wizard)           Turns: 4140, Time: 00:07:04

Health: -1/50      AC:  6    Str: 13    XL:     6   Next: 29%
Magic:  11/13      EV: 10    Int: 16    God:
Gold:   89         SH:  0    Dex: 10    Spells: 6/15 levels left

rFire   + . .      SeeInvis +   q - +1 dagger (elec)
rCold   . . .      Faith    .   (no shield)
rNeg    . . .      Spirit   .   k - +2 robe {rF+}
rPois   +          Reflect  .   c - +0 hat
rElec   .          Harm     .   (no cloak)
rCorr   .          Rampage  .   h - +0 pair of gloves
Will    .....                   (no barding)
Stlth   ++........              (no amulet)
HPRegen 0.16/turn               (no ring)
MPRegen 0.13/turn               (no ring)

@: attractive, very slow
A: AC +2, large, see invisible, deformed body, poison resistance, slowness 2,
spit poison 1, naga tail 1, deterioration 1, noise suppression, devolution 1
a: Spit Poison


You were on level 4 of the Dungeon.
You visited 1 branch of the dungeon, and saw 4 of its levels.

You collected 89 gold pieces.

Inventory:

Hand Weapons
 a - a +0 dagger
 q - a +1 dagger of electrocution (weapon)
Armour
 c - a +0 hat (worn)
 h - a +0 pair of gloves (worn)
 k - a +2 robe of fire resistance (worn)
Jewellery
 p - an amulet of guardian spirit
Wands
 n - a wand of iceblast (2)
 r - a wand of flame (23)
Scrolls
 d - 2 scrolls of holy word {unknown}
 j - a scroll of magic mapping {unknown}
 l - a scroll of vulnerability {unknown}
 m - a scroll of identify {unknown}
 o - a scroll of enchant armour {unknown}
 s - a scroll of enchant weapon {unknown}
 t - a scroll of torment {unknown}
 u - a scroll of teleportation {unknown}
Potions
 b - a potion of attraction


   Skills:
 + Level 0.7 Fighting
 + Level 1.9 Dodging
 + Level 3.5 Stealth
 + Level 5.1 Spellcasting
 + Level 3.3 Conjurations
 + Level 1.0 Summonings
 + Level 1.0 Translocations
 * Level 0.4 Poison Magic


You had 6 spell levels left.
You knew the following spells:

 Your Spells              Type           Power      Damage    Failure   Level
a - Magic Dart            Conj           56%        1d5       3%          1
b - Mephitic Cloud        Conj/Pois/Air  8%         N/A       26%         3
c - Conjure Flame         Conj/Fire      9%         6-21      22%         3
d - Blink                 Tloc           14%        N/A       16%         2

Your spell library contained the following spells:

 Spells                   Type           Power      Damage    Failure   Level
 Slow                     Hex            16%        N/A       16%         1
 Call Imp                 Summ           7%         N/A       16%         2
 Ozocubu's Armour         Ice            4%         N/A       41%         3
 Alistair's Intoxication  Tmut/Pois      2%         N/A       98%         5
 Borgnjor's Vile Clutch   Necr/Erth      2%         N/A       99%         5
 Metabolic Englaciation   Hex/Ice        2%         N/A       99%         5
 Eringya's Noxious Bog    Tmut/Pois      2%         N/A       100%        6
 Simulacrum               Ice/Necr       2%         N/A       100%        6


Dungeon Overview and Level Annotations

Branches:
Dungeon (4/15)
 Temple: D:4-7

Altars:

Annotations:
D:4 Grinder


Innate Abilities, Weirdness & Mutations

Your serpentine skin is tough. (AC +2)
You have supernaturally acute eyesight. (SInv)
Armour fits poorly on your strangely shaped body.
Your system is resistant to poisons. (rPois)
You cover ground very slowly.
You can spit poison.
You have a snake-like lower body.
Your body sometimes deteriorates upon taking damage.
You passively dampen the noise of your surroundings.
You have hidden genetic defects.


Message History

Grinder is heavily wounded.
You feel stable enough to blink again. Grinder hits you but does no damage.
Casting: Blink (safe; 16% risk of failure)
Confirm with . or Enter, or press ? or * to list all spells.
You blink.
Grinder is attracted toward you.
You hit Grinder but do no damage.
Grinder is heavily wounded.
Grinder blinks!
Grinder is attracted toward you.
You closely miss Grinder.
Grinder is heavily wounded.
Grinder hits you.
You writhe in agony.
You hit Grinder but do no damage. Lightning courses through Grinder!
Grinder is severely wounded.
Grinder gestures at you. You resist with some effort.
You hit Grinder but do no damage.
Grinder is severely wounded.
You feel stable enough to blink again. Grinder hits you.
* * * LOW HITPOINT WARNING * * *
You writhe in agony.
* * * LOW HITPOINT WARNING * * *
You barely miss Grinder.
Grinder is severely wounded.
Grinder says, "Mostly I couldn't keep them alive."
Grinder gestures at you. Pain shoots through your body!
* * * LOW HITPOINT WARNING * * *
You barely miss Grinder.
Grinder is severely wounded.
Grinder gestures at you. Pain shoots through your body!
* * * LOW HITPOINT WARNING * * *
You hit Grinder.
Grinder is severely wounded.
Grinder gestures at you. Pain shoots through your body!
You die...

###+# #+#
....#####.####
####......##.+
###.##.##.#.##
##.[..#####...#
......#......#####+##
#.....#.####.##5@#..#
##....#.#..........#
######.#..[......##
.....####....>##
######.>......?#
##########.# #.# #


You could see Grinder.

Vanquished Creatures
  Sigmund (D:2)
  Jessica (D:2)
  Terence (D:3)
  An adder (D:3)
  An ufetubus (D:3)
  A worm (D:2)
  2 dart slugs
  5 orcs (D:3)
  3 ball pythons
  5 endoplasms
  A giant cockroach (D:3)
  8 goblins
  5 hobgoblins
  2 quokkas
  6 bats
  4 frilled lizards (D:1)
  5 kobolds
  10 rats
62 creatures vanquished.

Notes
Turn   | Place    | Note
-------+----------+-------------------------------------------
     0 | D:1      | zazu2006 the Naga Hedge Wizard began the quest for the Orb.
     0 | D:1      | Reached XP level 1. HP: 15/15 MP: 4/4
   283 | D:1      | Reached XP level 2. HP: 22/22 MP: 3/6
   970 | D:1      | Reached XP level 3. HP: 26/28 MP: 2/8
  1453 | D:2      | Noticed Jessica
  1466 | D:2      | Killed Jessica
  1477 | D:2      | Reached XP level 4. HP: 33/36 MP: 2/9
  1487 | D:2      | Reached skill level 4 in Spellcasting
  1592 | D:2      | Noticed Sigmund
  1605 | D:2      | Killed Sigmund
  1606 | D:2      | Reached XP level 5. HP: 11/43 MP: 6/12
  2873 | D:3      | Reached XP level 6. HP: 50/50 MP: 6/13
  3009 | D:3      | Noticed Terence
  3019 | D:3      | Killed Terence
  3020 | D:3      | Reached skill level 5 in Spellcasting
  3039 | D:3      | Learned a level 3 spell: Mephitic Cloud
  3043 | D:3      | Learned a level 3 spell: Conjure Flame
  3046 | D:3      | Learned a level 2 spell: Blink
  4112 | D:4      | Noticed Grinder
  4120 | D:4      | Gained mutation: You have hidden genetic defects. [potion
                  | of mutation]
  4120 | D:4      | Gained mutation: Your body sometimes deteriorates upon
                  | taking damage. [potion of mutation]
  4120 | D:4      | Gained mutation: You passively dampen the noise of your
                  | surroundings. [potion of mutation]
  4140 | D:4      | Killed from afar by Grinder

Illustrated notes

Levels and vault maps discovered:
D:1:      mrwooster_arrival_arrow, layout_basic
D:2:      layout_basic, uniq_sigmund, uniq_jessica
D:3:      layout_loops_corners, kennysheep_generic_room_6, uniq_terence
D:4:      nicolae_cairo_tiling_very_big, layout_loops_ring,
          serial_co_window_serial, co_window_paths_a, co_window_corner_a,
          co_window_corner_a, co_window_of_opportunity_a, co_window_corner_a,
          co_window_unsneaky_path_e, co_window_corner_ca,
          co_window_unsneaky_path_c, co_window_corner_ca, co_window_2corner,
          chequers_serial_rivers_small_b, uniq_menkaure, uniq_eustachio,
          uniq_grinder

Skill      XL: |  1  2  3  4  5  6 |
---------------+-------------------+-----
Conjurations   | 2 3 |  3.3
Spellcasting   | 4 5 |  5.1
Fighting       | |  0.7
Dodging        | |  1.9
Stealth        | |  3.5
Summonings     | |  1.0
Translocations | |  1.0
Poison Magic   | |  0.4

Action                   |  1- 3 |  4- 6 || total
-------------------------+-------+-------++-------
Melee: Dagger            |     6 |    33 ||    39
 Cast: Magic Dart        |    61 |    82 ||   143
       Blink             |       |     3 ||     3
 Abil: Spit Poison       |     7 |     9 ||    16
Evoke: Wand              |       |     1 ||     1
  Use: Potion            |       |     5 ||     5
Armor: Robe              |     4 |    12 ||    16
Dodge: Dodged            |     6 |    20 ||    26
